 Dungeon Crawl Stone Soup version bcrawl-1.22 (webtiles) character file.

Game seed: 4184220629146733140

3259 MisterOstroum the Slicer (level 10, 0/54 HPs)
             Began as a Mana Stalker Chaos Knight on May 17, 2020.
             Was an Initiate of Uskayaw.
             Slain by a sun demon (11 damage)
             ... summoned by Xom
             ... on level 7 of the Dungeon.
             The game lasted 00:20:22 (5681 turns).

MisterOstroum the Slicer (VSCK)                     Turns: 5681, Time: 00:20:22

Health: 0/54       AC:  8    Str: 16 (18) XL:     10   Next: 0%
Magic:  10/13      EV: 14    Int: 12      God:    Uskayaw [......]
Gold:   450        SH:  0    Dex: 12 (14) Spells: 9/9 levels left

rFire    . . .     SeeInvis .   a - +1 rapier (venom)
rCold    . . .     Gourm    .   (no shield)
rNeg     . . .     Faith    .   x - +2 leather armour
rPois    .         Spirit   .   h - +0 helmet (curse)
rElec    .         Reflect  .   v - +0 cloak
rCorr    .         Harm     .   t - +0 pair of gloves (curse)
MR       ++...                  (no boots)
Stlth    +++.......             f - amulet of rage
HPRegen  0.58/turn              i - ring of wizardry
MPRegen  0.13/turn              (no ring)

@: no status effects
A: fangs 3, deterioration 1, frail 1, magic resistance 1, regeneration 1,
antimagic bite, no potion heal 3, rot immunity, strong jaws
a: Renounce Religion, Evoke Berserk Rage


You were on level 7 of the Dungeon.
You worshipped Uskayaw.
Uskayaw was noncommittal.
You were not hungry.

You visited 1 branch of the dungeon, and saw 7 of its levels.

You collected 450 gold pieces.

Inventory:

Hand Weapons
 a - a +1 rapier of venom (weapon)
 b - a +0 hunting sling
 c - a +1 dagger of electrocution
 d - a +0 short sword of chaos
 A - a +0 shortbow
Missiles
 j - 143 poisoned needles
 m - 1091 stones (quivered)
 u - 215 tomahawks
 w - 121 sling bullets
 D - 536 arrows
Armour
 h - a cursed +0 helmet (worn)
 q - a scarf of repulsion
 t - a cursed +0 pair of gloves (worn)
 v - a +0 cloak (worn)
 x - a +2 leather armour (worn)
Jewellery
 f - an amulet of rage (around neck)
 i - a ring of wizardry (left hand)
Scrolls
 l - 2 scrolls of teleportation {@r3 !r}
 o - a scroll of remove curse {@r2}
 p - a scroll of enchant weapon
 s - a scroll of fog {!r}
 y - a scroll of amnesia
 z - a scroll of blinking {unknown}
 F - a scroll of magic mapping {unknown}
 G - a scroll of identify {@r1}
 H - a scroll of fear {unknown}
Potions
 g - a potion of curing {@q1 !q}
 k - a potion of haste {@q4 !q}
 n - a potion of magic
 r - a potion of agility {@q5 !q}
 B - 3 potions of lignification
 C - 5 potions of brilliance
 E - 2 potions of flight
Comestibles
 e - 14 rations {!d}


   Skills:
 + Level 6.0 Fighting
 * Level 8.6 Short Blades
 - Level 0.7 Armour
 + Level 5.9 Dodging
 - Level 5.0 Stealth
 + Level 3.2 Invocations
 + Level 3.3 Evocations


You had 9 spell levels left.
You didn't know any spells.
Your spell library was empty.

Dungeon Overview and Level Annotations

Branches:
Dungeon (7/12)             Temple (0/1) D:6
   Lair: D:7-9

Altars:
Dithmenos
Elyvilon
Hepliaklqana
Kikubaaqudgha
Nemelex Xobeh
Okawaru
Uskayaw
Wu Jian
Yredelemnul

Shops:
D:5 }[

Annotations:
D:3 Grinder
D:4 exclusions: hobgoblin, quokka and skeleton, Sigmund
D:5 1 runed door


Innate Abilities, Weirdness & Mutations

You have razor-sharp teeth.
You are resistant to hostile enchantments. (MR+)
Your natural rate of healing is unusually fast.
Your bite disrupts and absorbs the magic of your enemies.
Potions cannot restore your health.
You are immune to rotting.
Your bites deal extra damage.
Your body sometimes deteriorates upon taking damage.
You are frail. (-10% HP)


Message History

l - 2 scrolls of teleportation {@r3 !r} (gained 1)
The adder is too close now for your liking.
An adder is nearby!
No target in view!
No target in view!
No target in view!
No target in view!
No target in view!
No target in view!
No target in view!
No target in view!
No target in view!
No target in view!
No target in view!
No target in view!
No target in view!
The adder hisses angrily.
The adder is too close now for your liking.
The adder bites you but does no damage.
You closely miss the adder. The adder misses you.
You hit the adder.
The adder is poisoned.
The adder is moderately wounded.
The adder bites you but does no damage.
You hit the adder.
The adder is severely wounded.
The adder bites you.
You are poisoned.
The adder poisons you!
You hit the adder.
You kill the adder!
You have reached level 10!
You feel sick.
HP restored.
You feel sick.
Xom's attention turns to you for a moment.
Electricity courses through your body.
You feel sick.
You feel sick.
You are no longer poisoned.
Found a stone staircase leading down.
m - 1091 stones (gained 120) "Let's see if it's strong enough to survive yet."
Okay, then.
Unknown command.
Okay, then.
Unknown command.
Press: ? - help, v - describe, . - travel
Here: a sun demon (summoned)
The floor.
You hit the white imp.
The white imp is moderately wounded.
You hit the white imp but do no damage.
The white imp is poisoned.
You bite the white imp.
The white imp's magic leaks into the air.
You drain its magic.
The white imp is moderately wounded.
The ufetubus closely misses you.
The ufetubus hits you but does no damage.
You puncture the white imp!
You kill the white imp!
The shadow imp closely misses you.
You puncture the white imp!
You bite the white imp, but do no damage.
The white imp is severely wounded.
You hit the sun demon but do no damage.
The sun demon is poisoned.
You bite the sun demon. You drain its power.
The sun demon is lightly wounded.
The white imp gestures at you. The puff of frost hits you!
Your body deteriorates!
You feel weakened.
You barely miss the sun demon.
The sun demon is lightly wounded.
The sun demon hits you but does no damage.
Okay, then.
Unknown command.
You puncture the sun demon! Your bite misses the sun demon.
The sun demon is lightly wounded.
The sun demon hits you.
You are engulfed in flames!
Your body deteriorates!
You feel clumsy. The white imp barely misses you.
You stomp with the beat, sending a shockwave through the revelers around you!
The sun demon is moderately wounded.
You kill the white imp!
You feel somewhat more hungry.
You can no longer stomp with the beat.
The sun demon misses you. The ufetubus hits you. The ufetubus misses you.
You hit the sun demon but do no damage. You bite the sun demon!
You drain its power.
The sun demon is heavily wounded.
The sun demon closely misses you. The ufetubus barely misses you. x2
You hit the sun demon but do no damage.
The sun demon is heavily wounded.
The sun demon closely misses you. The ufetubus hits you.
The ufetubus closely misses you.
You hit the sun demon.
The sun demon is heavily wounded.
The ufetubus barely misses you. x2; The sun demon hits you!
* * * LOW HITPOINT WARNING * * *
You are engulfed in flames!
You die...

######### #...53@.#
#.#####5# ..#
#.##....# #.#
#.#.###.## ###.#
#.#.#....# ...#
#.#.#.#..###. #..#
#>##......... #..#
#.......#####
.###..#########.###


You could see a sun demon, a shadow imp and an ufetubus.

Vanquished Creatures
  A hippogriff (D:6)
  A yak (D:6)
  A black bear (D:5)
  2 orc warriors (D:6)
  A phantom (D:3)
  2 sky beasts
  4 ogres
  3 centaurs
  2 bullfrogs
  2 big kobolds
  Blork the orc (D:5)
  4 scorpions
  5 wights (D:6)
  2 howler monkeys (D:6)
  3 crimson imps
  2 centaur skeletons
  A quasit (D:4)
  A centaur zombie (D:6)
  A bullfrog skeleton (D:6)
  3 hounds
  A jelly (D:6)
  8 orc wizards
  Ijyb (D:3)
  4 worker ants
  Robin (D:4)
  2 gnolls (D:4)
  10 adders
  A river rat (D:6)
  A shadow imp (D:4)
  3 adder skeletons (D:6)
  An adder zombie (D:4)
  4 worms
  2 dart slugs (D:2)
  6 leopard geckos
  11 orcs
  3 bats
  3 bat zombies (D:3)
  2 giant cockroaches
  16 goblins
  8 hobgoblins
  7 jackals
  10 kobolds
  4 quokkas
  A ball python (D:1)
  5 frilled lizards
  A jackal skeleton (D:2)
  A quokka skeleton (D:3)
  A quokka zombie (D:4)
  10 rats
  A rat zombie (D:3)
171 creatures vanquished.

Vanquished Creatures (collateral kills)
  2 gnolls (D:4)
2 creatures vanquished.

Vanquished Creatures (others)
  A plant (D:6)
1 creature vanquished.

Grand Total: 174 creatures vanquished

Notes
Turn   | Place    | Note
-------+----------+-------------------------------------------
     0 | D:1      | MisterOstroum the Vine Stalker Chaos Knight began the quest
                  | for the Orb.
     0 | D:1      | Reached XP level 1. HP: 13/13 MP: 2/2
   176 | D:1      | Reached skill level 1 in Stealth
   190 | D:1      | Reached skill level 3 in Short Blades
   190 | D:1      | Reached XP level 2. HP: 18/18 MP: 3/3
   192 | D:1      | XOM: harmless Fire miscast
   202 | D:1      | XOM: harmless Pois miscast
   205 | D:1      | XOM: harmless Necr miscast
   455 | D:1      | Reached XP level 3. HP: 22/22 MP: 4/4
   532 | D:1      | XOM: blink monster(s)
   961 | D:2      | Found an ornate altar of the Wu Jian Council.
  1024 | D:2      | Found a hazy altar of Hepliaklqana.
  1235 | D:2      | Reached XP level 4. HP: 27/27 MP: 5/5
  1340 | D:2      | XOM: god gift: leather armour {god gift}
  1752 | D:3      | Found a faded altar of an unknown god.
  1787 | D:3      | Reached skill level 4 in Short Blades
  1794 | D:3      | Noticed an ogre
  1800 | D:3      | XOM: divination: detect creatures
  1810 | D:3      | XOM: potion effect (agility)
  1822 | D:3      | Killed an ogre
  1822 | D:3      | Reached XP level 5. HP: 6/32 MP: 6/6
  1881 | D:3      | Noticed Grinder
  1939 | D:3      | Noticed Ijyb
  2019 | D:2      | XOM: mild Tmut miscast
  2048 | D:3      | XOM: divination: magic mapping
  2082 | D:3      | XOM: mild Hex miscast
  2159 | D:3      | Killed Ijyb
  2159 | D:3      | Reached skill level 5 in Short Blades
  2359 | D:3      | Gained mutation: You have razor-sharp teeth. [Vine Stalker
                  | growth]
  2359 | D:3      | Reached XP level 6. HP: 36/36 MP: 7/7
  2377 | D:3      | Noticed a sky beast
  2395 | D:3      | Killed a sky beast
  2474 | D:3      | Found an ancient bone altar of Kikubaaqudgha.
  2489 | D:3      | XOM: harmless Fire miscast
  2491 | D:3      | Noticed a phantom
  2501 | D:3      | Killed a phantom
  2512 | D:3      | Reached XP level 7. HP: 37/41 MP: 8/8
  2651 | D:4      | Noticed Robin
  2663 | D:3      | XOM: confuse monster(s)
  2704 | D:4      | XOM: confuse monster(s)
  2741 | D:4      | Reached skill level 6 in Short Blades
  2796 | D:4      | XOM: divination: magic mapping
  2808 | D:4      | Reached skill level 5 in Stealth
  2840 | D:4      | Found a shadowy altar of Dithmenos.
  2850 | D:4      | XOM: divination: detect creatures
  2986 | D:4      | Killed Robin
  3031 | D:4      | Found a basalt altar of Yredelemnul.
  3055 | D:4      | Noticed Sigmund
  3101 | D:4      | Found a white marble altar of Elyvilon.
  3155 | D:4      | XOM: cast spell 'Summon Scorpions'
  3183 | D:4      | Gained mutation: Your bite disrupts and absorbs the magic
                  | of your enemies. [Mana Stalker growth]
  3183 | D:4      | Gained mutation: You are resistant to hostile enchantments.
                  | (MR+) [Mana Stalker growth]
  3183 | D:4      | Reached XP level 8. HP: 43/48 MP: 8/9
  3226 | D:4      | Reached skill level 1 in Evocations
  3237 | D:4      | XOM: destruction
  3258 | D:4      | XOM: divination: magic mapping
  3507 | D:5      | Entered Level 5 of the Dungeon
  3532 | D:5      | Found a sparkling altar of Nemelex Xobeh.
  3532 | D:5      | XOM: summons friendly white imp
  3562 | D:5      | Reached skill level 5 in Fighting
  3751 | D:5      | Found a hide-covered altar of Uskayaw.
  3751 | D:5      | Noticed a +0 hand axe
  3751 | D:5      | Noticed a +0 dagger
  3756 | D:5      | Reached skill level 7 in Short Blades
  3781 | D:5      | Fell from the grace of Xom
  3781 | D:5      | Became a worshipper of Uskayaw the Reveler
  3795 | D:5      | Found Emasi's Antique Armour Shoppe.
  3864 | D:5      | Noticed Blork the orc
  3879 | D:5      | Reached * piety under Uskayaw
  3880 | D:5      | Killed Blork the orc
  4009 | D:5      | Found Telegeq's Gadget Emporium.
  4095 | D:5      | Found a runed door.
  4118 | D:6      | Found an iron altar of Okawaru.
  4171 | D:6      | Reached XP level 9. HP: 54/54 MP: 11/11
  4188 | D:6      | Reached skill level 1 in Invocations
  4188 | D:6      | Reached ** piety under Uskayaw
  4210 | D:6      | Reached *** piety under Uskayaw
  4211 | D:6      | Reached skill level 5 in Dodging
  4618 | D:6      | XOM: polymorph leopard gecko -> river rat
  4632 | D:6      | XOM: stat loss: -3 Int (9/12)
  4658 | D:6      | Reached skill level 8 in Short Blades
  4666 | D:6      | Found a white marble altar of Elyvilon.
  4764 | D:6      | Found a staircase to the Ecumenical Temple.
  4875 | D:6      | Reached **** piety under Uskayaw
  5104 | D:6      | XOM: give mutations
  5104 | D:6      | Gained mutation: You are dopey. (Int -2) [Xom's mischief]
  5104 | D:6      | Lost mutation: You are dopey. (Int -2) [Xom's mischief]
  5104 | D:6      | Gained mutation: You are frail. (-10% HP) [Xom's mischief]
  5104 | D:6      | Gained mutation: Your body sometimes deteriorates upon
                  | taking damage. [Xom's mischief]
  5204 | D:6      | XOM: summons 4 hostile demons
  5258 | D:6      | Reached ***** piety under Uskayaw
  5361 | D:7      | XOM: medium Conj miscast
  5412 | D:7      | XOM: summons 2 hostile demons
  5626 | D:7      | Reached XP level 10. HP: 51/54 MP: 13/13
  5631 | D:7      | XOM: mild Air miscast
  5670 | D:7      | XOM: summons 5 hostile demons
  5671 | D:7      | Noticed a sun demon
  5681 | D:7      | Slain by a sun demon

Skill      XL: |  1  2  3  4  5  6  7  8  9 |
---------------+----------------------------+-----
Stealth        | 1 2 3 5 |  5.0
Short Blades   | 3 4 5 6 7 8 |  8.6
Dodging        | 3 4 5 |  5.9
Fighting       | 3 4 5 6 |  6.0
Evocations     | 2 3 |  3.3
Invocations    | 3 |  3.2
Armour         | |  0.7

Action                   |  1- 3 |  4- 6 |  7- 9 | 10-12 || total
-------------------------+-------+-------+-------+-------++-------
Melee: Short sword       |    94 |       |       |       ||    94
       Bite              |    16 |    10 |    72 |     4 ||   102
       Rapier            |    35 |    97 |   300 |    10 ||   442
       Unarmed           |       |    16 |       |       ||    16
       Dagger            |       |       |    20 |       ||    20
 Fire: Hunting sling     |       |    10 |    15 |       ||    25
Throw: Stone             |       |       |    10 |       ||    10
Invok: Stomp             |       |       |     3 |     1 ||     4
  Use: Scroll            |     3 |     2 |    10 |       ||    15
       Potion            |       |       |     1 |       ||     1
 Stab: Sleeping          |     3 |     3 |     8 |       ||    14
       Distracted        |       |       |     2 |       ||     2
       Paralysed         |       |       |     4 |       ||     4
  Eat: Chunk             |     1 |     4 |    11 |       ||    16
Armor: Leather armour    |    41 |    45 |    83 |     2 ||   171
       Skin              |       |     3 |       |       ||     3
Dodge: Dodged            |    87 |    57 |   173 |    12 ||   329
